 Dungeon Sprint DCSS version 0.27-a0-1245-g940ed4fa31 (webtiles) character file.

Game seed: 14286064766263939101

18736 mhtbhm the Eviscerator (level 12, -1/63 HPs)
             Began as a Felid Berserker on June 9, 2021.
             Was the Champion of Trog.
             Killed from afar by an ice dragon (23 damage)
             ... with a blast of cold
             ... in the Dungeon (Sprint IX: "|||||||||||||||||||||||||||||").
             The game lasted 00:06:32 (5565 turns).

mhtbhm the Eviscerator (Felid Berserker)            Turns: 5565, Time: 00:06:32

Health: -1/63      AC:  5    Str: 17    XL:     12   Next: 30%
Magic:  13/13      EV: 33    Int:  9    God:    Trog [******]
Gold:   1287       SH:  0    Dex: 18    Spells: 11/11 levels left
                                        Lives:  0   Deaths: 2

rFire    + . .     SeeInvis +     - Unarmed
rCold    + . .     Faith    .   (shield unavailable)
rNeg     . . .     Spirit   .   (armour unavailable)
rPois    .         Reflect  .   (helmet unavailable)
rElec    .         Harm     .   (cloak unavailable)
rCorr    .         Rampage  .   (gloves unavailable)
Will     +....     NoTele   +   (boots unavailable)
Stlth    +++++.....             (no amulet)
HPRegen  0.20/turn              o - ring "Vufusiwk" {Fly rF+ Dex+2}
MPRegen  0.13/turn              j - +2 ring of protection

@: afraid, on berserk cooldown, flying, slowed, slow
A: very small, claws 1, fangs 3, see invisible, speed 1, shaggy fur 3, stealthy
paws, no weapons or thrown items, no armour, multi-lived
a: Renounce Religion, Berserk, Trog's Hand, Brothers in Arms


You were in the Dungeon.
You worshipped Trog.
Trog was exalted by your worship.
You visited 1 branch You collected 1907 gold pieces.
You spent 620 gold pieces at shops.

Inventory:

Jewellery
 j - a +2 ring of protection (right paw)
 o - the ring "Vufusiwk" (left paw) {Fly rF+ Dex+2}
   (You bought it in a shop in the Dungeon)

   [ring of flight]

   It affects your dexterity (+2).
   It protects you from fire.
   It grants you flight.
 p - a ring of protection from cold
 q - a ring of willpower
Wands
 h - a wand of acid (5)
Scrolls
 f - a scroll of blinking
 l - 5 scrolls of identify
 m - 2 scrolls of fear
 n - a scroll of immolation
 t - 2 scrolls of fog
Potions
 a - 7 potions of curing
 b - 5 potions of heal wounds
 c - 3 potions of haste
 d - 4 potions of magic
 e - 2 potions of berserk rage
 g - 2 potions of invisibility
 k - a potion of mutation


   Skills:
 + Level 13.0 Fighting
 + Level 20.0 Dodging
 + Level 10.8 Stealth
 + Level 26.9 Unarmed Combat
 + Level 3.8 Evocations


You had 11 spell levels left.
You didn't know any spells.
Your spell library was empty.

Dungeon Overview and Level Annotations

Branches:
Dungeon (1/1)

Altars:
Cheibriados
Dithmenos
Elyvilon
Fedhas
Gozag
Hepliaklqana
Kikubaaqudgha
Makhleb
Nemelex Xobeh
Okawaru
Qazlal
Ru
Sif Muna
Trog
Uskayaw
Vehumet
Wu Jian
Xom
Yredelemnul
Zin
The Shining One
Beogh
Jiyva
Lugonu

Shops:
D *([=


Innate Abilities, Weirdness & Mutations

You have sharp claws.
You have razor-sharp teeth.
You have supernaturally acute eyesight. (SInv)
You cover ground quickly. (Speed+)
Your thick and shaggy fur keeps you warm. (AC +3, rC+)
Your paws help you pounce on unaware monsters.
You are incapable of wielding weapons or throwing items.
You cannot wear armour.
You gain extra lives every three experience levels.


Message History

An ice dragon comes into view.
The ice dragon misses you.
The ice dragon completely misses you. x2
You see here 5 large rocks.
You mangle the ice dragon!!
The ice dragon is moderately wounded.
Unknown command.
You barely miss the ice dragon. You bite the ice dragon!
The ice dragon is heavily wounded.
You are no longer berserk.
You are exhausted.
You feel yourself slow down.
Unknown command.
Aiming: Corrosive Bolt
Press: ? - help, Shift-Dir - straight line, f - ice dragon
Aim: an ice dragon (heavily wounded, 81% to hit)
The bolt of acid hits the ice dragon!
The ice dragon is splashed with acid!
The acid corrodes the ice dragon!
The ice dragon is severely wounded.
The bolt of acid hits the great orb of eyes.
The great orb of eyes is splashed with acid.
The acid corrodes the great orb of eyes!
The great orb of eyes is lightly wounded.
The bolt of acid hits the frost giant!
The frost giant is splashed with acid!
The acid corrodes the frost giant!
The frost giant is lightly wounded.
The bolt of acid hits the stone giant!
The stone giant is splashed with acid.
The stone giant is lightly wounded.
The bolt of acid hits the tengu conjurer!!
The tengu conjurer is splashed with acid.
The acid corrodes the tengu conjurer!
The tengu conjurer is severely wounded.
You hear a deafening roar!
The glowing orange brain pulsates.
The glowing orange brain radiates an aura of fear!
You are terrified of the glowing orange brain!
The ice dragon misses you. The ice dragon closely misses you.
The ice dragon tramples you.
You are shoved backwards!
The ice dragon breathes frost at you. The blast of cold hits you!! You resist.
You die...

▓▓▓▓▓▓▓▓▓▓▓▓▓▓▓▓▓▓▓▓▓▓▓▓▓
..........)..'.[@DG.CCQGD
▓▓▓▓▓▓▓▓▓▓▓▓▓▓▓▓▓▓▓▓▓▓▓▓▓▓▓▓▓▓▓▓▓
.................).....).........
▓▓▓▓▓▓▓▓▓▓▓▓▓▓▓▓▓▓▓▓▓.♣♣♣♣♣♣♣♣♣▓▓
...........'.÷.......')..).....')
▓▓▓▓▓▓▓▓▓▓▓▓▓▓▓▓▓▓▓▓▓♣♣♣♣♣♣♣♣♣♣▓▓
..............................)..
▓▓▓▓▓▓▓▓▓▓▓▓▓▓▓▓▓▓▓▓▓▓▓▓▓▓▓▓▓▓▓▓▓
.....'.....)))))))).[[[[[[[[.....


You could see a frost giant (corroded), an ice dragon (catching breath,
corroded), a stone giant, a great orb of eyes (corroded), a glowing orange brain
(scary) and a tengu conjurer (corroded).

Vanquished Creatures
  Agnes (D)
  A nagaraja (D)
  Donald (D)
  A stone giant (D)
  2 eleionomae (D)
  An ettin (D)
  A merfolk javelineer (D)
  A merfolk impaler (D)
  2 ice dragons (D)
  A ghost crab (D)
  4 hydras (D)
  A rakshasa (D)
  A naga warrior (D)
  2 anacondas (D)
  A centaur warrior (D)
  A boulder beetle (D)
  A deep troll shaman (D)
  A spriggan druid (D)
  A naga ritualist (D)
  4 ugly things (D)
  A deep elf pyromancer (D)
  5 orc knights (D)
  An orb spider (D)
  2 wolf spiders (D)
  A salamander (D)
  A cyclops (D)
  3 black mambas (D)
  A merfolk siren (D)
  A water nymph (D)
  A naga mage (D)
  3 cane toads (D)
  A demonic crawler (D)
  2 efreet (D)
  A rime drake (D)
  3 komodo dragons (D)
  2 merfolk (D)
  A jumping spider (D)
  2 tyrant leeches (D)
  A meliai (D)
  A slime creature (D)
  A snapping turtle (D)
  8 blink frogs (D)
  3 tarantellas (D)
  2 yaks (D)
  A redback (D)
  A wyvern (D)
  A basilisk (D)
  2 vampire mosquitoes (D)
  A naga (D)
  A water moccasin (D)
  9 orc warriors (D)
  A kobold brigand (D)
  2 bullfrogs (D)
  A hound (D)
  3 orc priests (D)
  5 orc wizards (D)
  2 adders (D)
  4 orcs (D)
  A jackal (D)
  2 bats (D)
  A frilled lizard (D)
  A rat (D)
116 creatures vanquished.

Vanquished Creatures (collateral kills)
  A frost giant (D)
  A very ugly thing (D)
  A stone giant (D)
  A two-headed ogre (D)
  A deep troll earth mage (D)
  A wizard (D)
  3 orc knights (D)
  A tengu conjurer (D)
  A troll (D)
  9 orc warriors (D)
  An orc priest (D)
  A jackal zombie (D)
22 creatures vanquished.

Vanquished Creatures (others)
  An ogre mage (D)
  A goliath frog (D)
  A spriggan druid (D)
  A briar patch (D)
4 creatures vanquished.

Grand Total: 142 creatures vanquished

Notes
Turn   | Place    | Note
-------+----------+-------------------------------------------
     0 | D        | mhtbhm the Felid Berserker began the quest for the Orb.
     0 | D        | Reached XP level 1. HP: 10/10 MP: 2/2
     7 | D        | Reached ** piety under Trog
    52 | D        | Noticed a hound
    57 | D        | Killed a hound
    57 | D        | Reached *** piety under Trog
    58 | D        | Reached skill level 4 in Unarmed Combat
    58 | D        | Reached XP level 2. HP: 15/15 MP: 3/3
    58 | D        | Reached XP level 3. HP: 18/18 MP: 4/4
    62 | D        | Reached skill level 5 in Unarmed Combat
    63 | D        | Reached skill level 5 in Fighting
    68 | D        | Found a snail-covered altar of Cheibriados.
    68 | D        | Found a shadowy altar of Dithmenos.
    68 | D        | Found a white marble altar of Elyvilon.
    68 | D        | Found a blossoming altar of Fedhas.
    68 | D        | Found an opulent altar of Gozag.
   120 | D        | Found a hazy altar of Hepliaklqana.
   121 | D        | Found a viscous altar of Jiyva.
   122 | D        | Found an ancient bone altar of Kikubaaqudgha.
   123 | D        | Found a corrupted altar of Lugonu.
   124 | D        | Found a burning altar of Makhleb.
   125 | D        | Found a sparkling altar of Nemelex Xobeh.
   126 | D        | Found an iron altar of Okawaru.
   127 | D        | Found a stormy altar of Qazlal.
   128 | D        | Found a sacrificial altar of Ru.
   129 | D        | Found a shimmering blue altar of Sif Muna.
   130 | D        | Found a bloodstained altar of Trog.
   131 | D        | Found a hide-covered altar of Uskayaw.
   132 | D        | Found a radiant altar of Vehumet.
   133 | D        | Found an ornate altar of the Wu Jian Council.
   134 | D        | Found a shimmering altar of Xom.
   135 | D        | Found a basalt altar of Yredelemnul.
   136 | D        | Found a glowing silver altar of Zin.
   137 | D        | Found a glowing golden altar of the Shining One.
   163 | D        | Noticed a vampire mosquito
   163 | D        | Noticed a yak
   163 | D        | Noticed a kobold brigand
   163 | D        | Noticed a two-headed ogre
   163 | D        | Noticed a troll
   168 | D        | Killed a vampire mosquito
   168 | D        | Reached **** piety under Trog
   169 | D        | Reached skill level 7 in Unarmed Combat
   169 | D        | Reached XP level 4. HP: 14/24 MP: 5/5
   169 | D        | Reached XP level 5. HP: 16/28 MP: 6/6
   358 | D        | Killed a yak
   359 | D        | Reached skill level 10 in Dodging
   359 | D        | Reached skill level 1 in Stealth
   359 | D        | Reached skill level 9 in Unarmed Combat
   359 | D        | Gained mutation: You are covered in thick fur. (AC +2)
                  | [Felid growth]
   359 | D        | Reached XP level 6. HP: 32/33 MP: 7/7
   370 | D        | Killed a two-headed ogre
   371 | D        | Reached skill level 11 in Unarmed Combat
   371 | D        | Reached XP level 7. HP: 4/38 MP: 8/8
   372 | D        | Killed a troll
   755 | D        | Noticed a meliai
   755 | D        | Noticed a brown ugly thing
   755 | D        | Noticed a cyan ugly thing
   755 | D        | Noticed a deep elf pyromancer
   755 | D        | Noticed a slime creature
   755 | D        | Noticed a four-headed hydra
   757 | D        | Killed a meliai
   758 | D        | Reached skill level 12 in Unarmed Combat
   758 | D        | Reached XP level 8. HP: 43/43 MP: 9/9
   761 | D        | Killed a brown ugly thing
   761 | D        | Reached ***** piety under Trog
   762 | D        | Reached skill level 10 in Fighting
   766 | D        | Killed a cyan ugly thing
   767 | D        | Reached skill level 13 in Unarmed Combat
   925 | D        | Killed a deep elf pyromancer
   926 | D        | Reached XP level 9. HP: 31/48 MP: 10/10
  1136 | D        | Reached skill level 14 in Unarmed Combat
  1144 | D        | Killed a four-headed hydra
  1145 | D        | Reached skill level 15 in Dodging
  1414 | D        | Reached skill level 5 in Stealth
  1414 | D        | Reached skill level 15 in Unarmed Combat
  1416 | D        | Noticed a komodo dragon
  1424 | D        | Noticed a komodo dragon
  1427 | D        | Reached XP level 10. HP: 53/53 MP: 11/11
  1429 | D        | Reached ****** piety under Trog
  1436 | D        | Reached skill level 16 in Unarmed Combat
  1609 | D        | Noticed a black mamba
  1609 | D        | Noticed a black mamba
  1611 | D        | Noticed an eight-headed hydra
  1620 | D        | Reached skill level 1 in Evocations
  1620 | D        | Noticed a cane toad
  1630 | D        | Killed an eight-headed hydra
  1631 | D        | Reached skill level 17 in Unarmed Combat
  1634 | D        | Killed a black mamba
  1638 | D        | Killed a black mamba
  1644 | D        | Killed a cane toad
  1645 | D        | Reached skill level 18 in Unarmed Combat
  1960 | D        | Noticed a cane toad
  1961 | D        | Noticed a cane toad
  1969 | D        | Reached XP level 11. HP: 57/57 MP: 12/12
  2137 | D        | Noticed an ettin
  2137 | D        | Noticed an orc knight
  2145 | D        | Killed an ettin
  2146 | D        | Reached skill level 19 in Unarmed Combat
  2147 | D        | Killed an orc knight
  2149 | D        | Noticed an orc knight
  2164 | D        | Killed an orc knight
  2403 | D        | Noticed an orc knight
  2418 | D        | Reached skill level 20 in Unarmed Combat
  2424 | D        | Killed an orc knight
  2546 | D        | Found Zeghelit's General Store.
  2546 | D        | Noticed an orc knight
  2548 | D        | Noticed an orc knight
  2550 | D        | Found Fuonwun's Antique Weapon Shoppe.
  2550 | D        | Noticed an orc knight
  2555 | D        | Killed an orc knight
  2555 | D        | Noticed an orc knight
  2568 | D        | Killed an orc knight
  2570 | D        | Killed an orc knight
  2571 | D        | Killed an orc knight
  2814 | D        | Found Wiemeut's Antique Armour Emporium.
  2818 | D        | Found Paruhew's Jewellery Shoppe.
  2826 | D        | Noticed an orc knight
  2833 | D        | Killed an orc knight
  2834 | D        | Reached skill level 21 in Unarmed Combat
  2903 | D        | Bought a scroll of identify for 24 gold pieces
  2903 | D        | Bought a scroll of fear for 42 gold pieces
  2903 | D        | Bought a scroll of identify for 24 gold pieces
  2903 | D        | Bought a potion of invisibility for 96 gold pieces
  2903 | D        | Bought a scroll of immolation for 42 gold pieces
  2909 | D        | Bought the ring "Vufusiwk" {Fly rF+ Dex+2} for 392 gold
                  | pieces
  3077 | D        | Noticed a purple ugly thing
  3077 | D        | Noticed a boulder beetle
  3077 | D        | Noticed a five-headed hydra
  3077 | D        | Noticed a centaur warrior
  3077 | D        | Noticed a brown ugly thing
  3084 | D        | Killed a purple ugly thing
  3088 | D        | Killed a five-headed hydra
  3090 | D        | Gained mutation: Your thick and shaggy fur keeps you warm.
                  | (AC +3, rC+) [Felid growth]
  3090 | D        | Reached XP level 12. HP: 61/61 MP: 13/13
  3094 | D        | Killed a boulder beetle
  3096 | D        | Noticed an ogre mage
  3098 | D        | Killed a centaur warrior
  3099 | D        | Noticed a rakshasa
  3102 | D        | Noticed a deep troll earth mage
  3107 | D        | Reached skill level 22 in Unarmed Combat
  3109 | D        | Noticed a frost giant
  3110 | D        | Killed an ogre mage
  3113 | D        | Killed a deep troll earth mage
  3115 | D        | Noticed a stone giant
  3116 | D        | Killed a frost giant
  3119 | D        | Killed a rakshasa
  3121 | D        | Killed a stone giant
  3122 | D        | Noticed a purple very ugly thing
  3125 | D        | Killed a purple very ugly thing
  3126 | D        | Reached skill level 23 in Unarmed Combat
  3370 | D        | Noticed Donald
  3377 | D        | Killed Donald
  3548 | D        | Noticed an eleionoma
  3548 | D        | Noticed an eight-headed hydra
  3548 | D        | Noticed an eleionoma
  3548 | D        | Noticed a thorn hunter
  3552 | D        | Killed an eleionoma
  3553 | D        | Reached skill level 24 in Unarmed Combat
  3554 | D        | Noticed a ghost crab
  3559 | D        | Killed an eleionoma
  3794 | D        | Killed an eight-headed hydra
  3795 | D        | Reached XP level 13. HP: 65/65 MP: 14/14
  3997 | D        | Noticed a merfolk javelineer
  3997 | D        | Noticed a merfolk impaler
  4002 | D        | Reached skill level 10 in Stealth
  4013 | D        | Mangled by a merfolk impaler
  4014 | D        | Reached XP level 12. HP: -8/91 MP: 8/13
  4224 | D        | Killed a merfolk javelineer
  4225 | D        | Reached skill level 25 in Unarmed Combat
  4293 | D        | Noticed Agnes
  4309 | D        | Killed Agnes
  4802 | D        | Noticed an anaconda
  4802 | D        | Noticed a nagaraja
  4803 | D        | Noticed an anaconda
  4811 | D        | Noticed a naga warrior
  4818 | D        | Killed a nagaraja
  4828 | D        | HP: 2/61 [salamander/+0 spear (13)]
  4828 | D        | Slain by a salamander
  4829 | D        | Reached XP level 11. HP: -5/58 MP: 12/12
  4851 | D        | Killed an anaconda
  4852 | D        | Reached skill level 26 in Unarmed Combat
  4856 | D        | Killed an anaconda
  4913 | D        | Killed a naga warrior
  4916 | D        | Killed a naga ritualist
  5332 | D        | Killed a merfolk impaler
  5333 | D        | Reached XP level 12. HP: 28/61 MP: 0/13
  5537 | D        | Noticed a deep troll shaman
  5537 | D        | Noticed an ice dragon
  5537 | D        | Noticed an ice dragon
  5537 | D        | Noticed a stone giant
  5537 | D        | Noticed an ice dragon
  5537 | D        | Noticed a great orb of eyes
  5538 | D        | Noticed a frost giant
  5541 | D        | Killed a deep troll shaman
  5542 | D        | Noticed a stone giant
  5549 | D        | Killed an ice dragon
  5556 | D        | Killed an ice dragon
  5561 | D        | Killed a stone giant
  5562 | D        | Noticed an ice dragon
  5565 | D        | Killed from afar by an ice dragon

Illustrated notes

Levels and vault maps discovered:
D:        linesprint [early_d, line_temple, items_1, d_10, items_2, lair_1,
          lair_end, items_3, orc_1, orc_end, items_4, d_15, swamp_1, shoals_1,
          snake_1, spider_1, d_20, vaults_1, items_5, swamp_end, shoals_end,
          snake_end, spider_end, vaults_end, d_27, items_6, zot_1, zot_end,
          crypt_end, forest_end, elf_end, slime_end, tomb_end, abyss_end,
          pan_hell_end]

Skill      XL: |  1  2  3  4  5  6  7  8  9 10 11 12 13 |
---------------+----------------------------------------+-----
Fighting       | 4 6 7 9 11 12 13 | 13.0
Dodging        | 6 8 10 12 14 15 16 17 20 | 20.0
Unarmed Combat | 4 7 9 11 12 13 15 18 26 25 | 26.9
Stealth        | 1 2 4 5 7 8 9 10 | 10.8
Evocations     | 1 2 3 |  3.8

Action                   |  1- 3 |  4- 6 |  7- 9 | 10-12 | 13-15 || total
-------------------------+-------+-------+-------+-------+-------++-------
Melee: Unarmed           |    18 |    14 |    39 |   319 |    19 ||   409
       Bite              |     2 |     1 |     4 |    38 |     2 ||    47
       Punch             |     1 |       |     4 |    33 |     1 ||    39
Invok: Berserk           |     3 |     1 |     4 |    16 |     2 ||    26
       Brothers in Arms  |       |     1 |       |     6 |       ||     7
Evoke: Wand              |       |       |     2 |     3 |       ||     5
  Use: Scroll            |       |     1 |       |     1 |       ||     2
       Potion            |       |       |       |     5 |       ||     5
 Stab: Sleeping          |       |       |       |     1 |       ||     1
Armor: Skin              |       |     2 |       |     8 |     1 ||    11
Dodge: Dodged            |    12 |     3 |    16 |   193 |    13 ||   237

Table legend: (Time is in decaauts)
 A = Elapsed time spent in this place.
 B = Non-inter-level travel time spent in this place.
 C = Inter-level travel time spent in this place.
 D = Time resting spent in this place.
 E = Time spent auto-exploring this place.
 F = Levels seen in this place.
 G = Mean time per level.
                   A        B        C        D        E       F      G
               +--------+--------+--------+--------+--------+-----+--------+
         Total |   5328 |   5328 |      0 |   3896 |    542 |   1 | 5328.0 |
       Dungeon |   5328 |   5328 |      0 |   3896 |    542 |   1 | 5328.0 |
               +--------+--------+--------+--------+--------+-----+--------+

Top non-repeatable levels by time:
       D: 5328 daAuts
